 Dungeon Crawl Stone Soup version 0.17-a0-1946-gfb768fe (webtiles) character file.

2594 brucemayne the Severer (level 9, -1/74 HPs)
             Began as a Hill Orc Berserker on Oct 1, 2015.
             Was a Priest of Trog.
             Shot with an arrow by a centaur (7 damage)
             ... on level 9 of the Dungeon.
             The game lasted 00:14:39 (2763 turns).

brucemayne the Severer (Hill Orc Berserker)         Turns: 2763, Time: 00:14:40

Health: -1/74      AC: 13    Str: 23    XL:     9   Next: 58%
Magic:  9/9        EV:  3    Int:  7    God:    Trog [***...]
Gold:   151        SH:  0    Dex: 10    Spells: 0 memorised, 8 levels left

rFire  . . .     SeeInvis .     h - -1 war axe (curse)
rCold  + . .     Clarity  .     x - +0 chain mail
rNeg   . . .     SustAt   .     (no shield)
rPois  .         Gourm    .     g - +0 helmet
rElec  .         Spirit   .     w - +0 cloak
rCorr  .         Warding  .     s - +1 pair of gloves
rMut   .         Stasis   .     (no boots)
MR     .....                    (no amulet)
Stlth  ..........               D - ring of protection from cold
                                (no ring)

@: lethally poisoned (-1 -> -3), exhausted, slowed, very slow, not resistant to
hostile enchantments, extremely unstealthy
A: claws 1, blurry vision 1, high mp 1, screaming 1
a: Burn Spellbooks, Berserk, Trog's Hand, Renounce Religion


You were on level 9 of the Dungeon.
You worshipped Trog.
Trog was most pleased with you.
You were very hungry.

You visited 2 branches of the dungeon, and saw 10 of its levels.
You also visited: Ossuary.

You collected 249 gold pieces.
You spent 98 gold pieces at shops.

Inventory:

Hand weapons
 a - a +0 hand axe
 e - a +1 hand axe
 h - a cursed -1 war axe (weapon)
 t - a +0 trident of protection
 y - a cursed -3 quarterstaff
 L - a +2 quick blade
Armour
 b - a +0 animal skin
 g - a +0 helmet (worn)
 i - a +0 ring mail
 s - a +1 pair of gloves (worn)
 w - a +0 cloak (worn)
 x - a +0 chain mail (worn)
Magical staves
 m - an uncursed staff of air {unknown}
Jewellery
 l - an uncursed ring of wizardry
 D - a ring of protection from cold (right hand)
Magical devices
 j - a wand of fireball (5)
 n - a wand of digging (5)
 r - a wand of digging (13)
 z - a wand of paralysis (7)
 C - a wand of confusion (23)
 F - a wand of hasting (3)
 K - a wand of draining (4)
Scrolls
 o - 2 scrolls of fog
 v - a scroll of enchant armour
 B - 4 scrolls of identify
 E - a scroll of immolation {unknown}
 H - 2 scrolls of blinking
Potions
 d - 2 potions of might
 k - a potion of heal wounds
 p - 2 potions of cancellation {unknown}
 q - 5 potions of curing
 G - 2 potions of lignification
 I - a potion of beneficial mutation {unknown}
Comestibles
 c - 5 bread rations
 f - a slice of pizza
 u - 9 fruits
 A - a royal jelly
 J - 6 chunks of flesh
 M - a meat ration


   Skills:
 - Level 5.0 Fighting
 + Level 15.2 Axes
 - Level 2.6 Armour
 - Level 2.4 Dodging


You had 8 spell levels left.
You didn't know any spells.

Dungeon Overview and Level Annotations

Branches:
Dungeon (9/15)             Temple (1/1) D:6
   Lair: D:8-11         Orc: D:9-12

Altars:
Dithmenos
Elyvilon
Fedhas
Gozag
Kikubaaqudgha
Makhleb
Nemelex Xobeh
Okawaru
Qazlal
Sif Muna
Vehumet
Xom
Zin
Lugonu

Shops:
D:4 !

Annotations:
D:4 exclusion: statue


Innate Abilities, Weirdness & Mutations

You have sharp fingernails.
Scrolls take you a little longer to read.
You have an increased reservoir of magic (+10% MP).
You occasionally shout uncontrollably at your foes.


Message History

Unknown command.
You feel a strong urge to attack something.
You feel your anger subside.
You are no longer berserk.
You are exhausted.
You feel yourself slow down.
You are feeling very hungry.
You see here a giant frog corpse.
The centaur wields a shortbow.
The centaur shoots an arrow.
The arrow hits you.
* * * LOW HITPOINT WARNING * * *
The centaur shoots an arrow.
The arrow hits you but does no damage. The adder completely misses you.
There is a stone staircase leading up, spattered with blood here.
You see here 2 arrows.
The centaur shoots an arrow.
The arrow hits you but does no damage. The adder bites you.
* * * LOW HITPOINT WARNING * * *
You are poisoned.
The adder poisons you!
The centaur shoots an arrow.
The arrow hits you!
You die...

...H.............$
.#.D..#.).......#
....F #Y........# ....
#c.e......# . ...
#.†.......# .....
#.........#
....######...Q######..
.............÷S.......
.........#...>@..#....
......._.#.......# .
.##......#.......#
#......#.......#
........####+####
.........# .........#
.##......#


You could see a tengu warrior, an ice beast, a deep elf mage, a centaur and an
adder.

Vanquished Creatures
  A troll (D:9)
  Sigmund (D:2)
  3 hippogriffs
  A mottled dragon (D:9)
  3 orc warriors
  An ice beast (D:9)
  An ogre (D:7)
  2 giant frogs (D:9)
  2 elf zombies (Ossuary)
  A water moccasin zombie (D:7)
  2 scorpions
  3 wights (D:8)
  A crimson imp (D:6)
  2 centaur zombies (Ossuary)
  A human zombie (Ossuary)
  2 orc wizards
  Ijyb (D:3)
  A centaur skeleton (D:7)
  A jelly (D:6)
  A gnoll shaman (D:7)
  2 hounds (D:6)
  2 worker ants (D:4)
  A big kobold zombie (Ossuary)
  A hound skeleton (D:4)
  3 mummies
  5 gnolls (D:7)
  9 adders
  2 oozes (D:1)
  An adder zombie (D:7)
  4 giant geckos
  21 orcs
  4 giant cockroaches
  4 hobgoblins
  5 kobolds
  A quokka (D:5)
  A ball python skeleton (D:4)
  3 bats
  A giant cockroach zombie (D:4)
  A giant gecko zombie (D:7)
  8 giant newts
  3 goblins
  2 goblin zombies
  7 hobgoblin zombies (Ossuary)
  A jackal zombie (Ossuary)
  7 kobold zombies (Ossuary)
  14 orc zombies
  6 rats
  2 rat zombies (Ossuary)
152 creatures vanquished.

Notes
Turn   | Place    | Note
--------------------------------------------------------------
     0 | D:1      | brucemayne the Hill Orc Berserker began the quest for the Orb.
     0 | D:1      | Reached XP level 1. HP: 19/19 MP: 1/1
   176 | D:1      | Reached XP level 2. HP: 14/27 MP: 2/2
   260 | D:2      | Noticed Sigmund
   267 | D:2      | Killed Sigmund
   267 | D:2      | Reached skill level 5 in Fighting
   267 | D:2      | Reached skill level 5 in Axes
   267 | D:2      | Reached XP level 3. HP: 20/36 MP: 3/3
   267 | D:2      | Reached XP level 4. HP: 23/42 MP: 4/4
   267 | D:2      | Reached XP level 5. HP: 26/48 MP: 5/5
   388 | D:2      | Acquired Trog's second power
   397 | D:2      | Reached skill level 6 in Axes
   421 | D:3      | Noticed Ijyb
   465 | D:3      | Killed Ijyb
   488 | D:3      | Reached XP level 6. HP: 31/56 MP: 6/6
   575 | D:4      | Reached skill level 7 in Axes
   808 | D:4      | Found a blossoming altar of Fedhas.
  1025 | D:4      | Found a radiant altar of Vehumet.
  1128 | D:5      | Entered Level 5 of the Dungeon
  1140 | D:5      | Reached skill level 8 in Axes
  1203 | D:5      | Found a shimmering altar of Xom.
  1247 | D:4      | Found Esmumarr's Distillery.
  1255 | D:4      | Bought a potion of mutation for 27 gold pieces
  1255 | D:4      | Gained mutation: You have an increased reservoir of magic (+10% MP). [potion of mutation]
  1255 | D:4      | Gained mutation: You occasionally shout uncontrollably at your foes. [potion of mutation]
  1255 | D:4      | Gained mutation: You have sharp fingernails. [potion of mutation]
  1256 | D:4      | Bought a potion of mutation for 27 gold pieces
  1256 | D:4      | Gained mutation: You can spit weak poison. [potion of mutation]
  1256 | D:4      | Gained mutation: Scrolls take you a little longer to read. [potion of mutation]
  1256 | D:4      | Lost mutation: You can spit weak poison. [potion of mutation]
  1266 | D:4      | Bought a potion of might for 44 gold pieces
  1531 | D:6      | Reached XP level 7. HP: 55/61 MP: 7/7
  1631 | D:6      | Reached skill level 9 in Axes
  1771 | D:6      | Found a shadowy altar of Dithmenos.
  1785 | D:6      | Found a staircase to the Ecumenical Temple.
  1939 | D:7      | Reached skill level 10 in Axes
  1980 | D:7      | Reached XP level 8. HP: 68/68 MP: 8/8
  1986 | D:7      | Reached skill level 11 in Axes
  1996 | D:7      | Noticed a hippogriff
  2009 | Temple   | Entered the Ecumenical Temple
  2053 | D:7      | Killed a hippogriff
  2116 | D:7      | Reached skill level 12 in Axes
  2121 | D:7      | Found a sand-covered staircase.
  2177 | Ossuary  | Entered an ossuary
  2502 | D:7      | Noticed a hippogriff
  2515 | D:7      | Killed a hippogriff
  2515 | D:7      | Reached skill level 13 in Axes
  2543 | D:8      | Reached XP level 9. HP: 66/74 MP: 9/9
  2665 | D:9      | Reached skill level 14 in Axes
  2706 | D:9      | Found a glowing silver altar of Zin.
  2748 | D:9      | Noticed a tengu warrior
  2749 | D:9      | Reached skill level 15 in Axes
  2763 | D:9      | Shot with an arrow by a centaur

Vault maps used:
D:1:      sevenhm_arrival_forest_fort_large_4
D:2:      lemuel_zombie_altar_yredelemnul, uniq_sigmund
D:3:      minmay_close_crescents, uniq_iyjb
D:4:      fedhas_altar_fruit_tree, vehumet_statue, kennysheep_little_box,
          serial_shops, shop
D:5:      lemuel_doored_altar, lemuel_round_altar, first_bread
D:6:      minmay_temple_entry_from_below_a, grunt_dithmenos_smoke_and_mirrors
D:7:      trog_ov_bears_minmay, nicolae_ossuary_entry_giza
D:8:      nicolae_tso_carved_into_rock, evilmike_ruin_ashenzari, uniq_joseph
D:9:      minmay_cut_squares, old_standard_altar, overflow_temple_1_default
Temple:   corrupted_temple
Ossuary:  ossuary_tomb_1

Action                   |  1- 3 |  4- 6 |  7- 9 || total
-------------------------+-------+-------+-------++-------
Melee: Hand axe          |    48 |   237 |    54 ||   339
       War axe           |       |       |   311 ||   311
Invok: Berserk           |     1 |     1 |     7 ||     9
       Trog's Hand       |       |       |     5 ||     5
  Use: Scroll            |       |     5 |     7 ||    12
       Potion            |       |     2 |       ||     2
  Eat: Chunk             |       |     4 |     8 ||    12
       Beef jerky        |       |       |     2 ||     2
       Fruit             |       |       |     1 ||     1
